 Dungeon Crawl Stone Soup version 0.21-a0-450-gd87a9b2 (webtiles) character file.

289 RighteousDevil the Shield-Bearer (level 6, -2/56 HPs)
             Began as a Minotaur Fighter on Nov 19, 2017.
             Slain by slep's ghost (6 damage)
             ... on level 4 of the Dungeon.
             The game lasted 00:18:05 (2559 turns).

RighteousDevil the Shield-Bearer (Minotaur Fighter) Turns: 2559, Time: 00:18:05

Health: -2/56      AC:  7    Str: 26    XL:     6   Next: 9%
Magic:  5/5        EV:  8    Int:  5    God:
Gold:   136        SH: 11    Dex: 11    Spells: 5/5 levels left

rFire    + . .     SeeInvis .   a - +0 war axe
rCold    + . .     Gourm    .   c - +0 shield
rNeg     . . .     Faith    .   b - +0 scale mail
rPois    +         Spirit   .   (helmet restricted)
rElec    +         Reflect  .   (no cloak)
rCorr    +         Harm     .   (no gloves)
MR       .....                  (no boots)
Stlth    ..........             (no amulet)
HPRegen  0.18/turn              (no ring)
MPRegen  0.09/turn              (no ring)

@: mighty, resistant
A: retaliatory headbutt, horns 2
a: no special abilities


You were on level 4 of the Dungeon.
You were hungry.

You visited 1 branch of the dungeon, and saw 4 of its levels.

You collected 136 gold pieces.

Inventory:

Hand Weapons
 a - a +0 war axe (weapon)
Armour
 b - a +0 scale mail (worn)
 c - a +0 shield (worn)
Wands
 n - a wand of digging (9/24)
 q - a wand of paralysis (10/24)
Scrolls
 h - a scroll of amnesia
 i - a scroll of noise {unknown}
 l - a scroll of blinking {unknown}
 m - a scroll of fog {unknown}
 o - a scroll of identify
 r - a scroll of teleportation {unknown}
 s - a scroll of remove curse {unknown}
Potions
 e - 2 potions of magic
Comestibles
 f - a bread ration
 j - 2 royal jellies
 k - 3 fruits
 p - a meat ration


   Skills:
 + Level 5.0 Fighting
 + Level 4.3 Axes
 - Level 4.0 Armour
 - Level 1.1 Dodging
 * Level 6.0 Shields


You had 5 spell levels left.
You didn't know any spells.

Dungeon Overview and Level Annotations

Branches:
Dungeon (4/15)
 Temple: D:4-7

Altars:
Ashenzari
Nemelex Xobeh
Okawaru
Qazlal

Annotations:
D:4 slep's ghost, amateur DsMo


Innate Abilities, Weirdness & Mutations

You reflexively headbutt those who attack you in melee.
You have a pair of horns on your head.


Message History

It was a potion of magic.
Magic courses through your body.
The worker ant bites you but does no damage.
Something hits you but does no damage.
Slep's ghost hits you but does no damage.
It was a potion of resistance.
You feel protected.
The worker ant bites you but does no damage.
Something hits you but does no damage. Slep's ghost hits you!
* * * LOW HITPOINT WARNING * * *
The worker ant bites you.
* * * LOW HITPOINT WARNING * * *
You feel less confused.
The orc wizard mumbles some strange words.
The orc wizard blinks!
You block the worker ant's attack.
You barely miss the worker ant. You closely miss slep's ghost.
You hit something. Something hits you but does no damage.
You block the worker ant's attack.
Slep's ghost says, "What do you have that I didn't have?"
Slep's ghost hits you.
You die...

#.# #o# #.#
#######.#######..
.................
####.#.#)a.##...
#.†§#o......
#Wa{#.......#
#.@.#.......#
#.#.###.....#
#.#.# .....#
#.#.. .....#
#(#..# #.#...
..#.... ## ##..


You could see a worker ant, an orc wizard and slep's ghost.

Vanquished Creatures
  A scorpion (D:4)
  An orc wizard (D:4)
  Natasha (thrice) (D:3)
  5 adders
  2 oozes (D:1)
  A worm (D:3)
  A dart slug (D:2)
  4 leopard geckos
  3 orcs
  A ball python (D:3)
  4 giant cockroaches
  7 goblins
  8 hobgoblins
  4 jackals (D:2)
  8 kobolds
  A quokka (D:3)
  8 bats
  4 frilled lizards
  9 rats
75 creatures vanquished.

Notes
Turn   | Place    | Note
-------+----------+-------------------------------------------
     0 | D:1      | RighteousDevil the Minotaur Fighter began the quest for the Orb.
     0 | D:1      | Reached XP level 1. HP: 19/19 MP: 0/0
   116 | D:1      | Reached XP level 2. HP: 24/27 MP: 1/1
   217 | D:1      | Reached skill level 1 in Dodging
   289 | D:1      | Reached skill level 4 in Shields
   289 | D:1      | Reached XP level 3. HP: 33/33 MP: 2/2
   866 | D:2      | Found a stormy altar of Qazlal.
   924 | D:2      | Found a sparkling altar of Nemelex Xobeh.
   924 | D:2      | Found a stormy altar of Qazlal.
   933 | D:2      | Found a shattered altar of Ashenzari.
  1192 | D:2      | Reached XP level 4. HP: 40/40 MP: 3/3
  2036 | D:3      | Noticed Natasha
  2049 | D:3      | Killed Natasha
  2049 | D:3      | Reached skill level 5 in Shields
  2049 | D:3      | Reached XP level 5. HP: 42/47 MP: 4/4
  2214 | D:3      | Found an iron altar of Okawaru.
  2325 | D:3      | Noticed Natasha
  2327 | D:3      | Killed Natasha
  2361 | D:3      | Noticed Natasha
  2368 | D:3      | Killed Natasha
  2405 | D:4      | Reached skill level 5 in Fighting
  2533 | D:4      | Noticed slep's ghost (amateur DsMo)
  2541 | D:4      | Reached skill level 6 in Shields
  2541 | D:4      | Reached XP level 6. HP: 31/56 MP: 5/5
  2559 | D:4      | Slain by slep's ghost

Vault maps used:
D:1:      dpeg_arrival_more_subterranean_lakeside_camping
D:2:      minitemple, grunt_qazlal_sundering
D:3:      kennysheep_okawaru_gauntlet, uniq_natasha
D:4:      first_bread, serial_shops, shop, minmay_misc_feat_roman, uniq_robin

Skill      XL: |  1  2  3  4  5 |
---------------+----------------+-----
Dodging        | 1 |  1.1
Fighting       | 4 5 |  5.0
Shields        | 4 5 6 |  6.0
Armour         | 4 |  4.0
Axes           | 3 4 |  4.3

Action                   |  1- 3 |  4- 6 || total
-------------------------+-------+-------++-------
Melee: War axe           |   102 |    88 ||   190
       Headbutt          |    16 |    17 ||    33
  Use: Scroll            |     2 |     1 ||     3
       Potion            |       |     3 ||     3
  Eat: Chunk             |     1 |     4 ||     5
Armor: Scale mail        |    50 |    43 ||    93
Dodge: Dodged            |    30 |    31 ||    61
Block: Shield            |    57 |    53 ||   110

Table legend:
 A = Spawn XP
 B = Non-spawn XP
 C = Spawn XP percentage of total XP
 D = Spawn monster count
 E = Non-spawn monster count
 F = Spawn count percentage of total count
 G = Total turns spent on level
                    A         B        C        D         E        F      G
               +---------+---------+-------+---------+---------+-------+---------
         Total |       0 |     414 |   0.0 |       0 |      75 |   0.0 |  2559
               +---------+---------+-------+---------+---------+-------+---------
           D:1 |       0 |      52 |   0.0 |       0 |      25 |   0.0 |   733
           D:2 |       0 |      54 |   0.0 |       0 |      16 |   0.0 |   917
           D:3 |       0 |     192 |   0.0 |       0 |      30 |   0.0 |   877
           D:4 |       0 |     116 |   0.0 |       0 |       4 |   0.0 |    32
               +---------+---------+-------+---------+---------+-------+---------
